 Dungeon Crawl Stone Soup version 0.31-a0-1338-gb567cfdca4 (webtiles) character file.

Game seed: 14333367848988108324

1829 Sonofthefire the Changeling (level 9, -1/61 HPs)
             Began as an Octopode Shapeshifter on Dec 22, 2023.
             Was a Follower of Qazlal.
             Slain by an acid dragon (11 damage)
             ... on level 6 of the Dungeon.
             The game lasted 00:07:52 (5449 turns).

Sonofthefire the Changeling (Octopode Shapeshifter) Turns: 5449, Time: 00:07:52

Health: -1/61      AC: -3    Str: 14    XL:     9   Next: 11%
Magic:  9/9        EV: 20    Int: 11    God:    Qazlal [*.....]
Gold:   416        SH:  1    Dex: 16    Spells: 8/8 levels left

rFire   + .          .
                       - Unarmed
rCold   . . .        (no shield)
rNeg    + . .        (helmet currently unavailable)
rPois   .            t - amulet of faith
rElec   .            f - +5 ring of evasion
rCorr   .            g - ring of positive energy
SInv    .            q - ring of wizardry
Will    .....        (no ring)
Stlth   ++           (no ring)
HPRegen 0.30/turn    (no ring)
MPRegen 0.11/turn    (no ring)
                     (no ring)

%: faith, wizardry (x1)
@: beast-form, corroded
A: beast (slay +4), almost no armour, amphibious, 8 rings, camouflage 1,
gelatinous body 1, (nimble swimmer 1), tentacles, agile 1, fire resistance 1,
weak 1
a: Begin Untransformation, Renounce Religion


You were on level 6 of the Dungeon.
You worshipped Qazlal.
Qazlal was aware of your devotion.
You were a hulking beast.
You visited 2 branches of the dungeon, and saw 7 of its levels.

You collected 416 gold pieces.

Inventory:

Missiles
 u - a throwing net
Jewellery
 f - a +5 ring of evasion (left tentacle)
 g - a ring of positive energy (right tentacle)
 q - a ring of wizardry (on tentacle)
 r - a ring of fire
 t - an amulet of faith (around mantle)
Talismans
 b - a beast talisman
 c - a flux talisman
 p - a maw talisman
Scrolls
 a - 2 scrolls of fog {unknown}
 d - a scroll of enchant weapon {unknown}
 h - 2 scrolls of teleportation {unknown}
 j - a scroll of enchant armour {unknown}
 l - a scroll of blinking {unknown}
 m - a scroll of poison {unknown}
 n - a scroll of fear {unknown}
 s - a scroll of immolation {unknown}
 w - 2 scrolls of revelation {unknown}
 x - a scroll of summoning {unknown}
Potions
 i - a potion of enlightenment {unknown}
 k - 2 potions of attraction
 o - a potion of cancellation


   Skills:
 + Level 5.1 Fighting
 + Level 5.4 Dodging
 + Level 5.9 Unarmed Combat
 * Level 7.3 Shapeshifting


You had 8 spell levels left.
You didn't know any spells.
Your spell library contained the following spells:

 Spells                   Type           Power      Damage    Failure   Level
 Necrotise                Necr           0%         1d4       14%         1
 Slow                     Hex            0%         N/A       14%         1
 Lesser Beckoning         Tloc           0%         N/A       21%         2
 Confusing Touch          Hex            0%         N/A       38%         3
 Dazzling Flash           Conj/Hex       0%         N/A       38%         3
 Frozen Ramparts          Ice            0%         1d1       38%         3
 Gell's Gravitas          Tloc           0%         N/A       38%         3
 Mephitic Cloud           Conj/Alch/Air  0%         N/A       38%         3
 Sigil of Binding         Hex            0%         N/A       38%         3
 Teleport Other           Tloc           0%         N/A       38%         3
 Vampiric Draining        Necr           0%         2d6       38%         3
 Leda's Liquefaction      Alch/Erth      0%         N/A       77%         4
 Petrify                  Alch/Erth      0%         N/A       77%         4
 Agony                    Necr           0%         N/A       98%         5
 Metabolic Englaciation   Hex/Ice        0%         N/A       98%         5
 Silence                  Hex/Air        0%         N/A       98%         5


Dungeon Overview and Level Annotations

Branches:
Dungeon (6/15)             Temple (1/1) D:4

Altars:
Ashenzari
Cheibriados
Dithmenos
Elyvilon
Fedhas
Hepliaklqana
Makhleb
Nemelex Xobeh
Okawaru
Qazlal
Ru
Sif Muna
Trog
Vehumet
Wu Jian
Xom
Yredelemnul
Zin
The Shining One

Shops:
D:5 *

Annotations:
D:6 4 runed translucent doors


Innate Abilities, Weirdness & Mutations

You are a hulking beast.
Your limbs bulge with bestial killing power. (Slay +4)
You cannot wear most types of armour.
You are amphibious.
You can wear up to eight rings at the same time.
Your skin changes colour to match your surroundings (Stealth+).
Your rubbery body absorbs attacks. (AC +1, EV +1)
((You are camouflaged when in or above water. (Stealth+)))
You have tentacles for arms and can constrict up to eight enemies at once.
You are agile. (Dex +4, Str/Int -1)
Your flesh is heat resistant. (rF+)
You are weak. (Str -2)


Message History

You tentacle-slap the acid dragon.
The acid dragon is moderately wounded.
The acid dragon bites you! The acid dragon completely misses you.
You barely miss the acid dragon.
The acid dragon is moderately wounded.
The acid dragon closely misses you. The acid dragon misses you.
You tentacle-slap the acid dragon. x2; You squeeze the acid dragon.
The acid dragon is severely wounded.
The acid dragon closely misses you. The acid dragon misses you.
You closely miss the acid dragon.
The acid dragon is severely wounded.
The acid dragon spits acid at you. The splash of acid hits you!!
The acid corrodes you!
You completely miss the acid dragon.
The acid dragon is severely wounded.
The acid dragon bites you! The acid dragon closely misses you.
You tentacle-slap the acid dragon.
The acid dragon is severely wounded.
You block the acid dragon's attack. The acid dragon completely misses you.
You closely miss the acid dragon.
The acid dragon is severely wounded.
The acid dragon closely misses you. The acid dragon claws you.
* * * LOW HITPOINT WARNING * * *
You tentacle-slap the acid dragon but do no damage.
Your tentacle-slap misses the acid dragon.
The acid dragon is severely wounded.
The acid dragon misses you. The acid dragon completely misses you.
You barely miss the acid dragon.
The acid dragon is severely wounded.
You tentacle-slap the acid dragon.
The acid dragon is almost dead.
The acid dragon bites you!
* * * LOW HITPOINT WARNING * * *
The acid dragon completely misses you.
You tentacle-slap the acid dragon but do no damage.
The acid dragon is almost dead.
The acid dragon spits acid at you. The splash of acid misses you.
You feel better. The acid dragon bites you!
You die...

.....'.........#.....#
.....#.........#.....#
.....#.........+.....#
.....#+###'#####.....# #+#
.....#..#....[....#'####.###
.....#..#..................#
.....#..#.......######.....#
.....#..#..รท...##D...##....#
.....#..#......#h####.#....#
.....##........#..#(# #.##.#
........##++##.).#.##
#.##.######
.......##8..8#######
#.........% #####..#8....8#
##.......... ....#..#$W...=#
#........... ....#..#}....?#
#..#######.. '####..#8....8#
##..## . .......##8..8##
#...#


You could see an acid dragon (catching breath).

Vanquished Creatures
  The ghost of pajopajo the Conjurer, a novice DrCj of Ashenzari (D:5)
  Grinder (D:3)
  A steam dragon (D:6)
  2 water moccasins
  3 ogres (D:5)
  A phantom (D:5)
  Blork the orc (D:5)
  A gnoll bouda (D:5)
  An orc priest (D:4)
  A hound (D:6)
  3 iguanas
  Natasha (thrice) (D:3)
  2 orc wizards
  8 gnolls (D:5)
  5 adders
  A shadow imp (D:5)
  An ufetubus (D:6)
  A worm (D:5)
  A dart slug (D:4)
  3 orcs
  7 ball pythons
  10 endoplasms
  A giant cockroach (D:3)
  9 goblins
  7 hobgoblins
  10 kobolds
  2 quokkas (D:1)
  A bat (D:2)
  4 frilled lizards
  5 rats
97 creatures vanquished.

Notes
Turn   | Place    | Note
-------+----------+-------------------------------------------
     0 | D:1      | Sonofthefire the Octopode Shapeshifter began the quest for
                  | the Orb.
     0 | D:1      | Reached XP level 1. HP: 13/13 MP: 1/1
   210 | D:1      | Reached XP level 2. HP: 18/18 MP: 2/2
   985 | D:2      | Reached XP level 3. HP: 23/23 MP: 3/3
  1542 | D:3      | Noticed Natasha
  1553 | D:3      | Killed Natasha
  1554 | D:3      | Reached XP level 4. HP: 13/29 MP: 4/4
  1619 | D:3      | Noticed Natasha
  1629 | D:3      | Killed Natasha
  1875 | D:3      | Noticed Natasha
  1883 | D:3      | Killed Natasha
  1884 | D:3      | Reached skill level 4 in Shapeshifting
  1884 | D:3      | Reached XP level 5. HP: 24/34 MP: 5/5
  2113 | D:3      | Noticed Grinder
  2116 | D:3      | Paralysed by Grinder for 5 turns
  2136 | D:3      | Killed Grinder
  2137 | D:3      | Reached XP level 6. HP: 41/41 MP: 6/6
  2733 | D:4      | Found a shimmering altar of Xom.
  2911 | D:4      | Found a staircase to the Ecumenical Temple.
  2916 | D:4      | Reached skill level 5 in Shapeshifting
  2919 | Temple   | Entered the Ecumenical Temple
  2927 | Temple   | Became a worshipper of Qazlal Stormbringer
  3166 | D:5      | Entered Level 5 of the Dungeon
  3171 | D:5      | Noticed a water moccasin
  3195 | D:4      | Killed a water moccasin
  3196 | D:4      | Reached XP level 7. HP: 17/46 MP: 7/7
  3418 | D:5      | Found a runed translucent door.
  3857 | D:5      | Reached XP level 8. HP: 43/54 MP: 8/8
  3915 | D:5      | Noticed Blork the orc
  3926 | D:5      | Killed Blork the orc
  3927 | D:5      | Reached skill level 6 in Shapeshifting
  4104 | D:5      | Found Miareuh's Assorted Antiques.
  4135 | D:5      | Reached skill level 5 in Unarmed Combat
  4358 | D:5      | Gained mutation: Your flesh is heat resistant. (rF+)
                  | [potion of mutation]
  4358 | D:5      | Gained mutation: You are weak. (Str -2) [potion of
                  | mutation]
  4358 | D:5      | Gained mutation: You are agile. (Dex +4, Str/Int -1)
                  | [potion of mutation]
  4368 | D:5      | Noticed pajopajo's ghost (novice DrCj)
  4929 | D:5      | Killed pajopajo's ghost
  4929 | D:5      | Reached * piety under Qazlal
  4930 | D:5      | Reached skill level 5 in Dodging
  4930 | D:5      | Reached skill level 7 in Shapeshifting
  5170 | D:6      | Found a large runed translucent door.
  5170 | D:6      | Found a large runed translucent door.
  5174 | D:6      | Noticed a shadow
  5210 | D:6      | Found a large runed translucent door.
  5210 | D:6      | Found a large runed translucent door.
  5243 | D:6      | Reached skill level 5 in Fighting
  5243 | D:6      | Reached XP level 9. HP: 35/61 MP: 9/9
  5449 | D:6      | Slain by an acid dragon

Illustrated notes

Levels and vault maps discovered:
D:1:      nzn_arrival_water_spiral, layout_basic
D:2:      layout_basic
D:3:      layout_loops_ring, minmay_distorted, uniq_natasha, uniq_grinder
D:4:      layout_loops_ring, xom_teletrap_fun, minmay_temple_entry_proselytizer,
          kennysheep_small_circle
D:5:      layout_loops_corners, serial_shops, shop,
          hellmonk_ghost_happy_afterlife, grunt_decor_resistance,
          minmay_diced_spiral, uniq_blork_the_orc
D:6:      layout_gridville, dancing_weapons_uskayaw,
          minmay_hollow_rounded_squares
Temple:   nicolae_temple_two_arcs

Skill      XL: |  1  2  3  4  5  6  7  8 |
---------------+-------------------------+-----
Fighting       | 2 3 5 |  5.1
Shapeshifting  | 4 5 7 |  7.3
Dodging        | 3 4 5 |  5.4
Unarmed Combat | 4 5 |  5.9

Action                     |  1- 3 |  4- 6 |  7- 9 || total
---------------------------+-------+-------+-------++-------
  Melee: Unarmed           |    73 |    67 |   106 ||   246
         Constrict         |    16 |    21 |    19 ||    56
         Tentacles         |     9 |    10 |    36 ||    55
         Punch             |     3 |     2 |     7 ||    12
  Evoke: Wand              |       |     6 |       ||     6
    Use: Potion            |       |     2 |     7 ||     9
         Scroll            |       |       |     5 ||     5
   Stab: Sleeping          |     5 |     4 |     2 ||    11
 Armour: Skin              |    21 |    22 |    43 ||    86
  Dodge: Dodged            |    47 |    45 |    73 ||   165
  Block: Other             |       |       |     2 ||     2

Table legend: (Time is in decaauts)
 A = Elapsed time spent in this place.
 B = Non-inter-level travel time spent in this place.
 C = Inter-level travel time spent in this place.
 D = Time resting spent in this place.
 E = Time spent auto-exploring this place.
 F = Levels seen in this place.
 G = Mean time per level.
                   A        B        C        D        E       F      G
               +--------+--------+--------+--------+--------+-----+--------+
         Total |   5454 |   5184 |    270 |   1217 |   3194 |   7 |  779.1 |
       Dungeon |   5437 |   5175 |    262 |   1217 |   3194 |   6 |  906.2 |
        Temple |     16 |      8 |      8 |      0 |      0 |   1 |   16.0 |
               +--------+--------+--------+--------+--------+-----+--------+

Top non-repeatable levels by time:
     D:5: 1821 daAuts
     D:3: 1019 daAuts
     D:4: 895 daAuts
     D:1: 791 daAuts
     D:2: 564 daAuts
     D:6: 345 daAuts
  Temple: 16 daAuts
